 Dungeon Crawl Stone Soup version 0.28.0-53-g5a82cb258f (webtiles) character file.

Game seed: 18090323114571083418

606 pkoi the Gusty (level 6, -12/45 HPs)
             Began as a Demigod Air Elementalist on May 31, 2022.
             Mangled by an ogre
             ... wielding a +0 giant club
              (25 damage)
             ... on level 4 of the Dungeon.
             The game lasted 00:08:41 (7280 turns).

pkoi the Gusty (Demigod Air Elementalist)           Turns: 7280, Time: 00:08:42

Health: -12/45     AC:  2    Str:  9    XL:     6   Next: 98%
Magic:  7/13       EV: 12    Int: 25    God:
Gold:   162        SH:  0    Dex: 14    Spells: 3/11 levels left

rFire   . . .      SeeInvis .   q - +3 dagger (speed)
rCold   . . .      Faith    .   (no shield)
rNeg    . . .      Spirit   .   a - +0 robe
rPois   .          Reflect  .   (no helmet)
rElec   .          Harm     .   (no cloak)
rCorr   .          Rampage  .   (no gloves)
Will    .....                   (no boots)
Stlth   ++........              (no amulet)
HPRegen 0.15/turn               (no ring)
MPRegen 0.13/turn               (no ring)

@: very slightly contaminated
A: high MP 1, forlorn, divine attributes
a: no special abilities


You were on level 4 of the Dungeon.
You visited 1 branch of the dungeon, and saw 5 of its levels.

You collected 162 gold pieces.

Inventory:

Hand Weapons
 b - a +0 dagger
 f - a +0 dagger
 i - a +0 dagger
 q - a +3 dagger of speed (weapon)
 r - a +0 spear
Armour
 a - a +0 robe (worn)
Wands
 d - a wand of polymorph (5)
 t - a wand of iceblast (7)
Scrolls
 e - a scroll of identify
 g - 2 scrolls of fear
 j - a scroll of enchant armour {unknown}
 l - 2 scrolls of noise {unknown}
 m - a scroll of holy word
 s - a scroll of acquirement {unknown}
Potions
 c - 2 potions of curing {unknown}
 h - a potion of invisibility {unknown}
 k - 2 potions of brilliance
 n - a potion of magic {unknown}
 o - 2 potions of attraction {unknown}
 p - a potion of berserk rage {unknown}


   Skills:
 - Level 1.7 Dodging
 - Level 1.7 Stealth
 - Level 3.0 Spellcasting
 - Level 3.0 Conjurations
 + Level 6.4 Air Magic


You had 3 spell levels left.
You knew the following spells:

 Your Spells              Type           Power      Damage    Failure   Level
a - Shock                 Conj/Air       100%       1d9       1%          1
b - Static Discharge      Conj/Air       27%        N/A       2%          2
c - Magic Dart            Conj           72%        1d6       3%          1
d - Airstrike             Air            18%        N/A       7%          4

Your spell library contained the following spells:

 Spells                   Type           Power      Damage    Failure   Level
 Swiftness                Air            36%        N/A       2%          3
 Mephitic Cloud           Conj/Pois/Air  19%        N/A       9%          3
 Call Imp                 Summ           3%         N/A       16%         2
 Scorch                   Fire           6%         2d5       16%         2
 Summon Lightning Spire   Summ/Air       19%        N/A       26%         4
 Lightning Bolt           Conj/Air       13%        1d27      38%         5


Dungeon Overview and Level Annotations

Branches:
Dungeon (5/15)
 Temple: D:4-7

Annotations:
D:5 3 runed translucent doors, Anandil's ghost, novice GnWn


Innate Abilities, Weirdness & Mutations

You have an increased reservoir of magic. (+10% MP)
You shall have no god before yourself.
Your divine heritage dramatically boosts your attributes as you level up.


Message History

Found a stone.
Found 2 poisoned darts.
Found a ring mail.
You now have 149 gold pieces (gained 5).
You now have 162 gold pieces (gained 13).
Found 19 stones.
t - a wand of iceblast (7)
An ogre comes into view. It is wielding a +0 giant club.
The ogre shouts!
An ogre is nearby!
An ogre is nearby!
Unknown command.
There is a stone staircase leading up here.
The ogre closely misses you.
You climb upwards.
There is a stone staircase leading down, spattered with blood here.
Casting: Static Discharge (safe; 2% risk of failure)
Confirm with . or Enter, or press ? or * to list all spells.
The ogre is struck by an arc of lightning.
The ogre is lightly wounded.
You are struck by an arc of lightning.
The lightning grounds out.
The ogre hits you with a +0 giant club!!
Ouch! That really hurt!
* * * LOW HITPOINT WARNING * * *
Casting: Static Discharge (safe; 2% risk of failure)
Confirm with . or Enter, or press ? or * to list all spells.
You miscast Static Discharge.
You are very lightly contaminated with residual magic.
Nothing appears to happen.
Unknown command.
Casting: Static Discharge (safe; 2% risk of failure)
Confirm with . or Enter, or press ? or * to list all spells.
The ogre is struck by an arc of lightning!
The ogre is heavily wounded.
You are struck by an arc of lightning.
* * * LOW HITPOINT WARNING * * *
The lightning grounds out.
The ogre hits you with a +0 giant club!!
Ouch! That really hurt!
You die...

##......####..(.#
#......##..#....#
#.....##.._###..#
##...)##....##...#
#....##...###....#
#...##...###.....#
##...#...#∩#...#..#
#..O....###...##..#
#...@..###...##..##
#.....##....##..##
#...[###_).##..##
##.....#..##...#
##....####...## ##
###...........## ###.
###..............###...
##..o############.......
#..### ###...##


You could see an ogre.

Vanquished Creatures
  A black bear (D:4)
  An ogre (D:4)
  An orc warrior (D:4)
  A scorpion (D:4)
  A centaur zombie (D:5)
  An orc priest (D:3)
  2 iguanas (D:4)
  An orc wizard (D:4)
  A hound skeleton (D:4)
  4 adders
  3 dart slugs
  5 orcs
  3 bats (D:1)
  6 endoplasms
  3 giant cockroaches
  7 hobgoblins
  4 jackals (D:3)
  5 kobolds
  5 quokkas
  8 ball pythons
  A frilled lizard (D:1)
  9 goblins
  A rat (D:1)
74 creatures vanquished.

Vanquished Creatures (others)
  8 plants
8 creatures vanquished.

Grand Total: 82 creatures vanquished

Notes
Turn   | Place    | Note
-------+----------+-------------------------------------------
     0 | D:1      | pkoi the Demigod Air Elementalist began the quest for the
                  | Orb.
     0 | D:1      | Reached XP level 1. HP: 14/14 MP: 5/5
   265 | D:1      | Reached skill level 3 in Air Magic
   539 | D:1      | Reached XP level 2. HP: 20/20 MP: 2/7
   770 | D:1      | Learned a level 2 spell: Static Discharge
   853 | D:1      | Reached skill level 1 in Conjurations
  1707 | D:2      | Reached XP level 3. HP: 26/26 MP: 4/8
  2385 | D:3      | Reached skill level 4 in Air Magic
  2553 | D:3      | Learned a level 1 spell: Magic Dart
  3092 | D:3      | Reached XP level 4. HP: 33/33 MP: 5/9
  4586 | D:4      | Reached XP level 5. HP: 38/38 MP: 3/12
  5284 | D:4      | Noticed a black bear
  5293 | D:4      | Learned a level 4 spell: Airstrike
  5563 | D:4      | Noticed an orc warrior
  5625 | D:4      | Killed an orc warrior
  5626 | D:4      | Reached skill level 5 in Air Magic
  5626 | D:4      | Reached XP level 6. HP: 23/45 MP: 4/13
  6627 | D:4      | Got Sif Muna's Incunabulum of Heat
  6646 | D:4      | Reached skill level 6 in Air Magic
  6993 | D:5      | Entered Level 5 of the Dungeon
  7191 | D:5      | Found a runed translucent gate.
  7191 | D:5      | Found a runed translucent gate.
  7191 | D:5      | Noticed Anandil's ghost (novice GnWn)
  7192 | D:5      | Found a runed translucent gate.
  7280 | D:4      | Mangled by an ogre

Illustrated notes

Levels and vault maps discovered:
D:1:      evilmike_arrival_hilbert_curve, layout_loops_ring,
          shapermc_ecumenical_altar_notcrosses
D:2:      layout_basic
D:3:      layout_loops_cross, mainiacjoe_overflow_cross_hatched,
          nicolae_qazlal_general_emergency
D:4:      layout_cave_pods, nzn_overflow_gifts_of_might_and_magic,
          kennysheep_little_box, minmay_misc_feat_more_columns, minmay_between
D:5:      layout_cave_pools, nicolae_elyvilon_temple_path, lemuel_tele_altar,
          ebering_ghost_rock_garden, minmay_ogre_servants

Skill      XL: |  1  2  3  4  5  6 |
---------------+-------------------+-----
Air Magic      | 3 4 5 6 |  6.4
Conjurations   | 1 2 3 |  3.0
Spellcasting   | 2 3 |  3.0
Dodging        | |  1.7
Stealth        | |  1.7

Action                   |  1- 3 |  4- 6 || total
-------------------------+-------+-------++-------
 Cast: Shock             |   105 |    80 ||   185
       Static Discharge  |       |    14 ||    14
       Magic Dart        |       |    16 ||    16
  Use: Scroll            |       |     7 ||     7
Armor: Robe              |     4 |     4 ||     8
Dodge: Dodged            |     5 |    29 ||    34
